Map: Orbital Shipyard

Players

Albion

  • Race: Protoss Protoss
  • League: Master

PiG

  • Race: Zerg Zerg

Event: NationWars III

VOD

Have the link to the VOD?

Description

Time

  • Played on: Nov. 21, 2015, 4:10 p.m.
  • Length: 15:20
Show
View Real Time Build Order
Export as new Build Order

Albion Protoss 

Build Orders: Zealot Archon, Dark Templar Rush 

Get SALT Encoding   

  12  0:01  Probe (Chrono Boost)  
  13  0:11  Probe (Chrono Boost)  
  14  0:18  Pylon  
  14  0:22  Probe (Chrono Boost)  
  15  0:37  Probe (Chrono Boost)  
  16  0:47  Probe (Chrono Boost)  
  17  0:58  Probe (Chrono Boost)  
  18  1:06  Nexus  
  18  1:08  Probe (Chrono Boost)  
  19  1:15  Gateway  
  19  1:20  Probe (Chrono Boost)  
  20  1:25  Assimilator  
  20  1:31  Assimilator  
  20  1:32  Probe (Chrono Boost)  
  21  1:39  Pylon  
  21  1:43  Probe (Chrono Boost)  
  22  1:54  Probe (Chrono Boost)  
  23  2:03  Cybernetics Core  
  23  2:04  Probe (Chrono Boost)  
  23  2:06  Zealot  
  26  2:15  Probe (Chrono Boost)  
  27  2:19  Probe (Chrono Boost)  
  28  2:27  Probe (Chrono Boost), Pylon  
  29  2:30  Probe (Chrono Boost)  
  30  2:37  Probe (Chrono Boost)  
  30  2:39  Warp Gate  
  30  2:41  Stalker  
  30  2:43  Probe (Chrono Boost)  
  34  2:48  Probe (Chrono Boost)  
  35  2:54  Twilight Council  
  35  2:57  Probe (Chrono Boost)  
  36  3:00  Probe (Chrono Boost)  
  37  3:07  Probe (Chrono Boost)  
  37  3:10  Robotics Facility  
  39  3:12  Probe (Chrono Boost)  
  39  3:19  Probe (Chrono Boost)  
  40  3:24  Mothership Core (Chrono Boost)  
  42  3:30  Probe (Chrono Boost), Assimilator  
  42  3:31  Assimilator  
  43  3:37  Dark Shrine  
  43  3:41  Probe (Chrono Boost)  
  44  3:42  Probe (Chrono Boost)  
  45  3:50  Pylon  
  45  3:51  Probe (Chrono Boost)  
  45  3:53  Probe (Chrono Boost)  
  47  4:01  Gateway, Pylon  
  47  4:02  Gateway  
  47  4:04  Gateway  
  47  4:07  Probe x2 (Chrono Boost)  
  49  4:16  Probe (Chrono Boost)  
  49  4:17  Probe (Chrono Boost), Warp Prism (Chrono Boost)  
  53  4:26  Probe  
  53  4:29  Probe  
  55  4:37  Forge  
  55  4:39  Probe  
  55  4:41  Probe  
  57  4:54  Probe  
  57  4:57  Nexus  
  57  4:58  Stalker x2  
  57  4:59  Adept  
  64  5:00  Adept  
  64  5:02  Probe  
  64  5:06  Probe  
  68  5:08  Pylon  
  68  5:13  Observer (Chrono Boost)  
  68  5:14  Protoss Ground Weapons Level 1  
  69  5:26  Dark Templar x2  
  69  5:27  Dark Templar x2  
  77  5:29  Probe  
  77  5:34  Pylon  
  78  5:36  Pylon  
  78  5:51  Probe  
  78  5:52  Probe  
  80  5:58  Zealot  
  80  5:59  Zealot  
  80  6:01  Probe  
  79  6:05  Probe  
  79  6:09  Gateway  
  79  6:10  Gateway, Probe  
  81  6:12  Gateway  
  81  6:13  Blink (Chrono Boost)  
  81  6:14  Gateway  
  81  6:17  Dark Templar  
  83  6:22  Stalker x3  
  89  6:30  Probe  
  90  6:33  Observer  
  91  6:43  Pylon  
  91  6:45  Pylon  
  91  6:55  Archon  
  91  6:56  Archon  
  91  6:57  Probe  
  91  6:59  Probe  
  93  7:01  Assimilator x2  
  93  7:03  Pylon  
  93  7:09  Probe, Pylon  
  93  7:11  Probe x2  
  93  7:12  Pylon  
  93  7:13  Stalker x4  
  104  7:18  Stalker  
  104  7:20  Pylon  
  104  7:22  Pylon  
  106  7:23  Warp Prism  
  106  7:24  Protoss Ground Weapons Level 2, Photon Cannon  
  106  7:27  Photon Cannon  
  106  7:40  Stalker x5  
  106  7:41  Stalker x2  
  120  7:58  Photon Cannon  
  119  8:00  Photon Cannon  
  112  8:05  Stalker x3  
  112  8:06  Stalker  
  113  8:20  Mothership Core  
  115  8:34  Stalker x4  
  115  8:35  Stalker x3  
  127  8:52  Stalker  
  129  9:02  Stalker x4  
  129  9:08  Stalker x2  
  119  9:12  Adept  
  119  9:16  Adept  
  102  9:30  Adept x4  
  94  9:45  Stalker, Dark Templar  
  94  9:48  Dark Templar, Warp Prism  
  77  9:59  Probe  
  73  10:02  Stalker x5  
  73  10:05  Stalker  
  83  10:16  Stalker, Probe  
  83  10:18  Probe  
  83  10:19  Probe  
  88  10:23  Stalker  
  78  10:36  Stalker x2  
  78  10:37  Stalker x2, Probe  
  78  10:39  Probe x2  
  89  10:48  Stalker x3, Probe  
  95  10:51  Probe  
  95  10:54  Probe  
  95  10:56  Photon Cannon  
  98  10:59  Probe  
  98  11:01  Adept x2  
  103  11:05  Adept  
  103  11:07  Adept  
  103  11:24  Dark Templar x2  
  99  11:30  Stalker  
  99  11:32  Observer  
  98  11:42  Stalker x2  
  102  11:54  Stalker x2, Probe  
  102  11:55  Probe  
  102  11:56  Probe  
  109  12:13  Probe  
  109  12:15  Probe  
  111  12:16  Adept x3  
  111  12:18  Observer  
  111  12:20  Robotics Bay  
  117  12:44  Nexus  
  117  12:46  Dark Templar x3  
  112  13:17  Sentry x3  
  109  13:29  Sentry  
  111  13:36  Cybernetics Core  
  103  13:45  Pylon x3  
  103  13:46  Pylon  
Show
View Real Time Build Order
Export as new Build Order

PiG Zerg 

Build Orders: 3 Hatch before Pool, Lurkers 

Get SALT Encoding   

  12  0:01  Drone  
  13  0:12  Overlord  
  13  0:17  Drone  
  14  0:30  Drone x2  
  16  0:39  Drone  
  17  0:50  Hatchery  
  17  0:53  Drone  
  17  0:58  Drone  
  18  1:18  Hatchery  
  17  1:23  Drone  
  18  1:34  Spawning Pool  
  18  1:39  Drone x2  
  19  1:49  Overlord  
  19  1:51  Drone  
  20  2:03  Drone x2  
  22  2:14  Drone x2  
  24  2:21  Queen x2  
  29  2:22  Zergling x2  
  29  2:24  Drone  
  30  2:30  Queen  
  30  2:35  Drone  
  33  2:39  Drone  
  33  2:41  Drone  
  35  2:46  Overlord  
  35  2:49  Drone x2  
  37  2:54  Overlord  
  37  2:57  Drone x2  
  39  3:01  Extractor  
  39  3:02  Extractor  
  39  3:03  Drone  
  38  3:07  Drone  
  39  3:13  Drone x2  
  39  3:17  Drone  
  39  3:19  Overlord  
  42  3:26  Drone  
  43  3:31  Drone  
  44  3:36  Overlord  
  44  3:37  Drone x5  
  44  3:38  Drone x2  
  51  3:43  Overlord x2  
  51  3:45  Drone  
  52  3:50  Overlord  
  52  3:51  Overlord x2  
  52  3:58  Lair, Drone  
  52  3:59  Roach Warren, Drone  
  54  4:02  Drone  
  54  4:04  Drone x3  
  54  4:09  Drone x2  
  60  4:10  Drone x2  
  60  4:13  Drone x2  
  60  4:15  Drone x2  
  65  4:17  Metabolic Boost  
  64  4:24  Extractor  
  64  4:26  Extractor  
  64  4:29  Overlord  
  64  4:30  Drone x3  
  65  4:42  Roach  
  65  4:43  Roach x4  
  75  4:45  Drone  
  75  4:46  Drone x3  
  79  4:52  Extractor  
  79  4:53  Hatchery, Extractor  
  79  4:56  Evolution Chamber  
  79  4:59  Overseer  
  75  5:03  Drone x3  
  75  5:04  Drone  
  75  5:06  Drone  
  80  5:08  Drone x3  
  83  5:17  Hydralisk Den  
  82  5:24  Drone x2, Spire  
  82  5:27  Zergling x10  
  82  5:28  Zergling x4  
  90  5:30  Overlord  
  90  5:32  Roach  
  92  5:45  Overseer  
  89  5:50  Overseer  
  89  6:04  Hatchery  
  89  6:11  Drone  
  89  6:12  Queen  
  91  6:31  Queen  
  93  6:37  Extractor  
  93  6:39  Extractor  
  91  6:41  Mutalisk x7  
  91  6:44  Drone x3  
  91  6:45  Drone x3  
  91  6:47  Hatchery, Drone  
  110  6:49  Drone x2  
  110  6:53  Zerg Missile Weapons Level 1  
  113  6:56  Hydralisk  
  115  7:02  Muscular Augments  
  115  7:03  Lair, Overlord  
  115  7:18  Overlord x5  
  115  7:36  Overlord x3  
  115  7:37  Hydralisk x4  
  122  8:05  Hydralisk x6  
  125  8:21  Mutalisk  
  125  8:24  Hydralisk  
  125  8:25  Roach x3  
  135  8:29  Lurker Den  
  135  8:30  Hydralisk x7  
  149  8:37  Hatchery  
  148  8:42  Hydralisk x3  
  148  8:47  Overseer  
  144  8:58  Overseer, Hydralisk x4  
  144  9:00  Roach x2  
  141  9:03  Roach x3  
  141  9:04  Roach x2  
  141  9:08  Hydralisk x4  
  124  9:19  Roach x2  
  116  9:27  Roach x7  
  116  9:30  Hydralisk x2  
  130  9:38  Hydralisk  
  124  9:42  Hydralisk x2  
  126  9:52  Hydralisk x2  
  124  9:54  Overseer  
  124  9:58  Hydralisk  
  122  10:06  Overseer  
  120  10:07  Hydralisk x7  
  130  10:14  Zerg Missile Weapons Level 2  
  124  10:29  Hatchery  
  121  10:36  Drone x3  
  121  10:37  Infestation Pit, Hydralisk x7  
  135  10:51  Glial Reconstitution  
  136  10:57  Lurker x3  
  136  10:59  Lurker  
  136  11:02  Zergling x10  
  132  11:19  Hatchery  
  132  11:25  Overseer x2  
  113  12:01  Hive  
  113  12:03  Overlord  
  113  12:04  Overlord x2  
  113  12:06  Evolution Chamber, Lurker x6  
  118  12:17  Lurker x2  
  118  12:18  Lurker x2  
  118  12:19  Hydralisk, Zergling x2  
  118  12:20  Zergling x14  
  132  12:28  Drone  
  131  12:47  Drone x3  
  134  12:52  Drone x4  
  134  12:53  Drone x3, Extractor  
  134  12:54  Drone  
  140  13:07  Hydralisk x2  
  140  13:08  Hydralisk x4  
  147  13:13  Spine Crawler  
  147  13:14  Spore Crawler  
  147  13:15  Overseer x2  
  147  13:16  Spore Crawler, Overseer x2  
  147  13:17  Spore Crawler x2  
  114  13:43  Hydralisk Den  
  114  13:46  Spine Crawler  
  114  13:47  Spine Crawler  
  105  13:49  Spine Crawler  
  105  13:54  Spore Crawler x2, Spine Crawler  
  73  15:12  Hatchery  
Tags
 
Add a new tag
Caveats
  • Supply blocks, unpowered buildings, or Contaminate may cause inaccurate times.
  • Supply counts are checked every 10 seconds.